 Dungeon Crawl Stone Soup version 0.31-a0-1370-gf52a5a9ab3 (webtiles) character file.

Game seed: 15340769370416892469

188 wildpjah the Covered (level 5, -9/47 HPs)
             Began as a Minotaur Fighter on Dec 22, 2023.
             Mangled by a mummy (17 damage)
             ... in an ossuary on Dec 24, 2023.
             The game lasted 00:04:51 (2284 turns).

wildpjah the Covered (Minotaur Fighter)             Turns: 2284, Time: 00:04:52

Health: -9/47      AC:  7    Str: 22    XL:     5   Next: 39%
Magic:  4/4        EV: 10    Int:  5    God:
Gold:   128        SH:  0    Dex: 14    Spells: 4/4 levels left

rFire   . . .        o - +8 great sword of Tujap {venom, rElec Dex+4 SInv}
rCold   . . .        (shield currently unavailable)
rNeg    . . .        b - +0 scale mail
rPois   .            (helmet restricted)
rElec   +            (no cloak)
rCorr   .            (no gloves)
SInv    +            (no boots)
Will    +....        (no amulet) Stlth
                     (no ring)
HPRegen 0.27/turn    (no ring)
MPRegen 0.09/turn

%: no passive effects
@: enlightened, flying
A: horns 2, retaliatory headbutt
a: no special abilities


You were in an ossuary.
You visited 1 branch of the dungeon, and saw 4 of its levels.
You also visited: Ossuary.

You collected 128 gold pieces.

Inventory:

Hand Weapons
 o - the +8 great sword of Tujap (weapon) {venom, rElec Dex+4 SInv}
   (You found it on level 3 of the Dungeon)

   Dex+4:     It affects your dexterity (+4).
   rElec:     It insulates you from electricity.
   SInv:      It lets you see invisible.
Armour
 b - a +0 scale mail (worn)
 c - a +0 buckler
Scrolls
 e - 2 scrolls of identify {unknown}
 g - 2 scrolls of vulnerability {unknown}
 h - a scroll of teleportation {unknown}
 k - a scroll of fear {unknown}
 l - a scroll of revelation {unknown}
 p - a scroll of enchant armour {unknown}
 q - a scroll of acquirement {unknown}
 r - a scroll of enchant weapon {unknown}
Potions
 a - a potion of enlightenment
 d - a potion of might
 f - 2 potions of curing {unknown}
 i - a potion of cancellation
 j - a potion of attraction {unknown}
 m - a potion of invisibility {unknown}
 n - a potion of haste {unknown}


   Skills:
 + Level 4.5 Fighting
 * Level 2.0 Long Blades
 - Level 3.7 Axes
 + Level 5.1 Armour
 + Level 1.6 Dodging
 + Level 0.2 Stealth
 + Level 3.9 Shields


You had 4 spell levels left.
You didn't know any spells.
Your spell library contained the following spells:

 Spells                   Type           Power      Damage    Failure   Level
 Slow                     Hex            0%         N/A       78%         1
 Confusing Touch          Hex            0%         N/A       98%         3
 Inner Flame              Hex/Fire       0%         N/A       98%         3
 Sigil of Binding         Hex            0%         N/A       98%         3
 Vampiric Draining        Necr           0%         2d6       98%         3
 Irradiate                Conj/Alch      0%         3d11      100%        5
 Ignition                 Fire           0%         3d3       100%        8


Dungeon Overview and Level Annotations

Branches:
Dungeon (4/15)            Ossuary (1/1)
 Temple: D:4-7

Altars:

Shops:
D:1 :


Innate Abilities, Weirdness & Mutations

You have a pair of horns on your head.
You reflexively headbutt those who attack you in melee.


Message History

You completely miss the mummy.
The mummy is heavily damaged.
The hobgoblin zombie closely misses you.
The mummy barely misses you. The mummy hits you!
The mummy hits you but does no damage.
You barely miss the mummy. You headbutt the mummy.
The mummy is heavily damaged.
The hobgoblin zombie hits you but does no damage.
The mummy barely misses you. You furiously retaliate!
You headbutt the mummy! The mummy hits you. The mummy hits you!
You are too injured to fight recklessly!
You are too injured to fight recklessly!
You are too injured to fight recklessly!
You slash the mummy!
You destroy the mummy!
The hobgoblin zombie hits you but does no damage.
The hobgoblin zombie hits you. The mummy hits you!
* * * LOW HITPOINT WARNING * * *
The hobgoblin zombie hits you.
* * * LOW HITPOINT WARNING * * *
The mummy misses you. You furiously retaliate!
You headbutt the mummy, but do no damage.
The mummy barely misses you.
Your Long Blades skill increases to level 2!
You barely miss the mummy.
The mummy is heavily damaged.
The hobgoblin zombie closely misses you.
You furiously retaliate!
You headbutt the hobgoblin zombie.
The hobgoblin zombie hits you but does no damage.
The mummy hits you but does no damage. x2; The mummy hits you.
* * * LOW HITPOINT WARNING * * *
It was a potion of cancellation.
You feel magically purged.
You are very lightly contaminated with residual magic.
The hobgoblin zombie barely misses you. x2
Your magical contamination has completely faded away.
It was a potion of enlightenment.
You feel very buoyant.
You fly up into the air.
The mummy barely misses you. The mummy hits you but does no damage.
The mummy hits you!
You die...

..... ##..## ..
.....##....##..
...............
.............
............
#........#
#MMZ...# #@Z..#
#.M..# #....#
#....# #....#
#....# #....#
#....# #.∩∩.#


You could see 3 mummies and 2 hobgoblin zombies.

Vanquished Creatures
  2 mummies
  8 adders
  A bombardier beetle (D:3)
  3 worms
  5 dart slugs
  An orc (D:3)
  3 endoplasms
  2 giant cockroaches (D:1)
  7 goblins
  4 hobgoblins
  7 jackals
  5 quokkas
  4 ball pythons
  3 bats
  2 frilled lizards
  2 gnoll zombies (Ossuary)
  2 hobgoblin zombies (Ossuary)
  3 kobolds (D:3)
  2 kobold zombies (Ossuary)
  5 rats
71 creatures vanquished.

Notes
Turn   | Place    | Note
-------+----------+-------------------------------------------
     0 | D:1      | wildpjah the Minotaur Fighter began the quest for the Orb.
     0 | D:1      | Reached XP level 1. HP: 19/19 MP: 0/0
   218 | D:1      | Reached XP level 2. HP: 19/27 MP: 1/1
   636 | D:1      | Found Fasicacy's Book Shop.
   662 | D:2      | Reached skill level 4 in Armour
   732 | D:2      | Reached XP level 3. HP: 33/33 MP: 2/2
  1044 | D:2      | Reached XP level 4. HP: 35/41 MP: 3/3
  1057 | D:2      | Reached skill level 1 in Dodging
  1537 | D:3      | Identified the +8 great sword of Tujap {venom, rElec Dex+4
                  | SInv}
  1957 | D:3      | Reached skill level 1 in Long Blades
  1957 | D:3      | Reached XP level 5. HP: 47/47 MP: 4/4
  2078 | D:3      | Upgraded the game from 0.31-a0-1338-gb567cfdca4 to
                  | 0.31-a0-1370-gf52a5a9ab3
  2254 | D:4      | Found a sand-covered staircase.
  2257 | D:4      | Reached skill level 5 in Armour
  2259 | Ossuary  | Entered an ossuary
  2284 | Ossuary  | Mangled by a mummy

Illustrated notes

Levels and vault maps discovered:
D:1:      beargit_arrival_diablo_church, layout_loops_ring, serial_shops, shop,
          kennysheep_nondescript
D:2:      layout_basic
D:3:      layout_basic
D:4:      layout_basic, nicolae_ossuary_entry_giza, uniq_pikel
Ossuary:  ossuary_tomb_3

Skill      XL: |  1  2  3  4  5 |
---------------+----------------+-----
Fighting       | 4 |  4.5
Armour         | 4 5 |  5.1
Axes           | 3 |  3.7
Dodging        | 1 |  1.6
Long Blades    | 1 2 |  2.0
Stealth        | |  0.2
Shields        | |  3.9

Action                     |  1- 3 |  4- 6 || total
---------------------------+-------+-------++-------
  Melee: War axe           |    57 |    30 ||    87
         Headbutt          |    12 |     7 ||    19
         Great sword       |       |    34 ||    34
    Use: Potion            |       |     2 ||     2
 Armour: Scale mail        |    41 |    60 ||   101
  Dodge: Dodged            |    33 |    38 ||    71
  Block: Buckler           |    10 |     4 ||    14

Table legend: (Time is in decaauts)
 A = Elapsed time spent in this place.
 B = Non-inter-level travel time spent in this place.
 C = Inter-level travel time spent in this place.
 D = Time resting spent in this place.
 E = Time spent auto-exploring this place.
 F = Levels seen in this place.
 G = Mean time per level.
                   A        B        C        D        E       F      G
               +--------+--------+--------+--------+--------+-----+--------+
         Total |   2337 |   2295 |     42 |      0 |   1892 |   5 |  467.4 |
       Dungeon |   2303 |   2261 |     42 |      0 |   1891 |   4 |  575.8 |
       Ossuary |     33 |     33 |      0 |      0 |      1 |   1 |   33.0 |
               +--------+--------+--------+--------+--------+-----+--------+

Top non-repeatable levels by time:
     D:2: 793 daAuts
     D:3: 779 daAuts
     D:1: 665 daAuts
     D:4: 64 daAuts
 Ossuary: 33 daAuts
